 Dungeon Crawl Stone Soup version 0.20.0-10-g0535bb4 (webtiles) character file.

9718 Mesmaeker13 the Nimble (level 11, -2/54 HPs)
             Began as a Deep Elf Conjurer on June 6, 2017.
             Was an Initiate of Vehumet.
             Slain by an unseen horror (12 damage)
             ... on level 10 of the Dungeon.
             The game lasted 00:37:58 (13350 turns).

Mesmaeker13 the Nimble (Deep Elf Conjurer)         Turns: 13350, Time: 00:37:59

Health: -2/54      AC:  6    Str:  7    XL:     11   Next: 26%
Magic:  23/32      EV: 21    Int: 22    God:    Vehumet [......]
Gold:   484        SH:  0    Dex: 18    Spells: 6/23 levels left

rFire    . . .     SeeInvis .   m - +0 dagger (venom)
rCold    . . .     Gourm    .   (no shield)
rNeg     + . .     Faith    .   y - +1 robe {MR+}
rPois    .         Spirit   .   (no helmet)
rElec    .         Reflect  .   (no cloak)
rCorr    .         Harm     .   I - +1 pair of gloves {Dex+3}
MR       ++...                  o - +0 pair of boots
Stlth    ++........             (no amulet)
Regen    0.2/turn               E - ring of magical power
MPRegen  0.3/turn               s - ring of positive energy

@: no status effects
A: no striking features
a: Renounce Religion


You were on level 10 of the Dungeon.
You worshipped Vehumet.
Vehumet was noncommittal.
You were not hungry.

You visited 2 branches of the dungeon, and saw 11 of its levels.

You collected 523 gold pieces.
You spent 39 gold pieces at shops.

Inventory:

Hand Weapons
 m - a +0 dagger of venom (weapon)
 p - a cursed -3 scimitar
Armour
 o - a +0 pair of boots (worn)
 q - a +1 robe of positive energy
 v - a +0 shield
 y - a +1 robe of magic resistance (worn)
 I - a +1 pair of gloves of dexterity (worn)
Jewellery
 e - an uncursed ring of fire
 s - a ring of positive energy (right hand)
 D - an uncursed ring of resist corrosion
 E - a ring of magical power (left hand)
Scrolls
 k - 3 scrolls of teleportation
 l - 6 scrolls of immolation
 t - 3 scrolls of recharging {unknown}
 x - 4 scrolls of enchant armour {unknown}
 z - a scroll of enchant weapon {unknown}
 A - a scroll of fear
 H - a scroll of remove curse
Potions
 f - 5 potions of haste
 h - 2 potions of invisibility
 i - 2 potions of ambrosia {unknown}
 j - 5 potions of curing
 u - a potion of agility
 B - a potion of cancellation {unknown}
 C - a potion of brilliance {unknown}
 F - 4 potions of degeneration {unknown}
Books
 b - a book of Conjurations

   Spells                             Type                      Level
   a - Magic Dart                     Conjuration                  1
   b - Searing Ray                    Conjuration                  2
   c - Dazzling Spray                 Conjuration/Hexes            3
   d - Fulminant Prism                Conjuration/Hexes            4
   e - Force Lance                    Conjuration/Translocation    4
   f - Iskenderun's Mystic Blast      Conjuration                  4
 n - a book of Minor Magic

   Spells                             Type                      Level
   a - Magic Dart                     Conjuration                  1
   b - Blink                          Translocation                2
   c - Call Imp                       Summoning                    2
   d - Slow                           Hexes                        2
   e - Conjure Flame                  Conjuration/Fire             3
   f - Mephitic Cloud                 Conjuration/Poison/Air       3
 r - a book of Misfortune

   Spells                             Type                      Level
   a - Confusing Touch                Hexes                        1
   b - Confuse                        Hexes                        3
   c - Gell's Gravitas                Translocation                3
   d - Petrify                        Transmutation/Earth          4
   e - Metabolic Englaciation         Hexes/Ice                    5
   f - Yara's Violent Unravelling     Hexes/Transmutation          5
Comestibles
 a - 13 fruits
 c - 5 bread rations
 d - 11 meat rations
 g - 2 chunks of flesh
 w - 7 royal jellies


   Skills:
 + Level 11.5 Dodging
 - Level 2.4 Stealth
 + Level 6.7 Spellcasting
 + Level 11.3 Conjurations
 - Level 9.0 Hexes
 - Level 5.1 Air Magic
 - Level 6.0 Poison Magic


You had 6 spell levels left.
You knew the following spells:

 Your Spells              Type           Power        Failure   Level  Hunger
a - Magic Dart            Conj           ####         1%          1    None
b - Searing Ray           Conj           ######       1%          2    None
c - Dazzling Spray        Conj/Hex       ######       1%          3    #......
d - Mephitic Cloud        Conj/Pois/Air  #####...     1%          3    #......
e - Fulminant Prism       Conj/Hex       ######....   1%          4    ###....
f - Force Lance           Conj/Tloc      ####....     9%          4    ###....


Dungeon Overview and Level Annotations

Branches:
Dungeon (10/15)            Temple (1/1) D:4            Lair (0/6) D:9
    Orc: D:9-12

Altars:
Elyvilon
Gozag
Hepliaklqana
Kikubaaqudgha
Makhleb
Ru
Trog
Vehumet
Yredelemnul

Shops:
D:5 *


Message History

Press: ? - help, Shift-Dir - straight line, f - goblin
Aim: a goblin, wielding a spear (hasn't noticed you)
The magic dart hits the goblin.
You kill the goblin!
Vehumet accepts your kill.
An orc comes into view. It is wielding a spear.
Casting: Magic Dart
Confirm with . or Enter, or press ? or * to list all spells.
Aiming: Magic Dart
Press: ? - help, Shift-Dir - straight line, f - orc
Aim: an orc, wielding a spear (hasn't noticed you)
The magic dart hits the orc.
You kill the orc!
Vehumet accepts your kill. Something hits you.
* * * LOW HITPOINT WARNING * * *
Deactivating autopickup; reactivate with Ctrl-A.
A gnoll comes into view. It is wielding a spear.
Something hits you!
You die...

###. #g.# >...
#..# #..###.)#
#.......#
#.)..)))#
#......)#
#......#####..
#...{(........
#...@(.######.
#......#
#......#####
#...<(.......
.................
####.............
#.............
#.............
#.............


There were no monsters in sight!

Vanquished Creatures
  A hydra (D:8)
  3 two-headed ogres
  A gargoyle (D:8)
  A troll (D:9)
  2 dream sheep (D:8)
  Sigmund (D:3)
  6 yaks
  A hungry ghost (D:9)
  The ghost of no0bjke the Chopper, an amateur GrFi of Okawaru (D:4)
  6 orc warriors
  6 ice beasts
  A sky beast (D:9)
  6 ogres
  4 centaurs
  A black bear (D:9)
  A crocodile (D:8)
  3 big kobolds
  11 bullfrogs
  A water moccasin zombie (D:8)
  4 scorpions
  4 wights (D:6)
  6 howler monkeys
  A centaur zombie (D:8)
  2 crimson imps
  2 bullfrog zombies
  A jelly (D:7)
  2 centaur skeletons
  5 orc priests
  3 hounds
  4 iguanas
  Ijyb (D:3)
  6 orc wizards
  8 worker ants
  A hound skeleton (D:5)
  A worker ant zombie (D:5)
  8 gnolls
  9 adders
  A shadow imp (D:9)
  3 adder zombies
  A worm (D:3)
  2 dart slugs
  A leopard gecko (D:6)
  38 orcs
  4 giant cockroaches
  5 goblins
  4 hobgoblins
  11 jackals
  5 kobolds
  4 quokkas
  7 bats
  4 frilled lizards
  A leopard gecko zombie (D:4)
  2 quokka skeletons
  A quokka zombie (D:5)
  7 rats
  A fulminant prism (D:9)
  A plant (D:8)
228 creatures vanquished.

Vanquished Creatures (others)
  16 fulminant prisms
  A plant (D:8)
17 creatures vanquished.

Grand Total: 245 creatures vanquished

Notes
Turn   | Place    | Note
-------+----------+-------------------------------------------
     0 | D:1      | Mesmaeker13 the Deep Elf Conjurer began the quest for the Orb.
     0 | D:1      | Reached XP level 1. HP: 10/10 MP: 6/6
   290 | D:1      | Reached XP level 2. HP: 15/15 MP: 4/8
   671 | D:2      | Reached skill level 5 in Conjurations
   675 | D:2      | Learned a level 2 spell: Searing Ray
   722 | D:2      | Reached XP level 3. HP: 19/19 MP: 7/9
  1240 | D:2      | Reached XP level 4. HP: 24/24 MP: 7/10
  1594 | D:2      | Learned a level 3 spell: Dazzling Spray
  1946 | D:3      | Noticed Sigmund
  2266 | D:3      | Reached skill level 1 in Hexes
  2266 | D:3      | Reached XP level 5. HP: 20/28 MP: 2/11
  2428 | D:4      | Learned a level 3 spell: Mephitic Cloud
  2675 | D:4      | Noticed an ogre
  2694 | D:4      | Killed an ogre
  2694 | D:4      | Reached skill level 5 in Dodging
  2694 | D:4      | Reached skill level 1 in Poison Magic
  2694 | D:4      | Reached XP level 6. HP: 23/32 MP: 2/12
  2926 | D:4      | Noticed no0bjke's ghost (amateur GrFi)
  2951 | D:3      | Noticed Ijyb
  2960 | D:3      | Killed Ijyb
  3396 | D:3      | Killed Sigmund
  3531 | D:5      | Entered Level 5 of the Dungeon
  3605 | D:5      | Noticed an ice beast
  3614 | D:5      | Killed an ice beast
  3614 | D:5      | Reached XP level 7. HP: 36/36 MP: 3/13
  3827 | D:5      | Found Pecieh's General Store.
  3832 | D:5      | Bought a scroll of remove curse for 39 gold pieces
  3906 | D:5      | Reached skill level 1 in Air Magic
  4785 | D:5      | Reached XP level 8. HP: 39/41 MP: 3/14
  4978 | D:5      | Found a hazy altar of Hepliaklqana.
  6273 | D:6      | Reached skill level 5 in Poison Magic
  7750 | D:7      | Reached XP level 9. HP: 39/45 MP: 9/15
  8307 | D:7      | Noticed a two-headed ogre
  8325 | D:7      | Killed a two-headed ogre
  8325 | D:7      | Reached skill level 5 in Hexes
  8325 | D:7      | Reached skill level 5 in Air Magic
  8724 | D:8      | Noticed a gargoyle
  8739 | D:8      | Killed a gargoyle
  9027 | D:8      | Noticed a two-headed ogre
  9430 | D:8      | Killed a two-headed ogre
  9430 | D:8      | Reached skill level 5 in Spellcasting
  9430 | D:8      | Reached XP level 10. HP: 50/50 MP: 20/20
  9436 | D:8      | Learned a level 4 spell: Fulminant Prism
  9571 | D:7      | Reached skill level 10 in Conjurations
  9754 | D:8      | Noticed a three-headed hydra
  9818 | D:8      | Reached skill level 10 in Dodging
  9861 | D:8      | Killed a three-headed hydra
 10310 | D:8      | Learned a level 4 spell: Force Lance
 10730 | D:9      | Noticed a two-headed ogre
 10741 | D:9      | Killed a two-headed ogre
 10904 | D:9      | Found an opulent altar of Gozag.
 11321 | D:9      | Found a bloodstained altar of Trog.
 11325 | D:9      | Reached XP level 11. HP: 54/54 MP: 21/21
 11802 | D:9      | Found a staircase to the Lair.
 12535 | D:4      | Killed no0bjke's ghost
 12719 | D:4      | Found a staircase to the Ecumenical Temple.
 12728 | Temple   | Entered the Ecumenical Temple
 12738 | Temple   | Became a worshipper of Vehumet
 13314 | D:10     | Entered Level 10 of the Dungeon
 13350 | D:10     | Slain by an unseen horror

Skill      XL: |  1  2  3  4  5  6  7  8  9 10 11 |
---------------+----------------------------------+-----
Dodging        | 3 4 5 6 8 9 11 | 11.5
Conjurations   | 5 6 7 8 9 11 | 11.3
Hexes          | 1 2 3 4 6 9 |  9.0
Poison Magic   | 1 2 4 5 6 |  6.0
Air Magic      | 2 4 5 |  5.1
Spellcasting   | 5 6 |  6.7
Stealth        | |  2.4

Action                   |  1- 3 |  4- 6 |  7- 9 | 10-12 || total
-------------------------+-------+-------+-------+-------++-------
Melee: Short sword       |     6 |     2 |       |       ||     8
       Dagger            |       |    23 |   105 |   113 ||   241
 Cast: Magic Dart        |    47 |    68 |   115 |    55 ||   285
       Searing Ray       |     1 |     7 |    42 |    40 ||    90
       Mephitic Cloud    |       |     3 |    10 |    13 ||    26
       Dazzling Spray    |       |       |    13 |    23 ||    36
       Fulminant Prism   |       |       |       |    17 ||    17
Evoke: Wand              |       |       |     3 |     2 ||     5
  Use: Scroll            |     2 |     3 |     9 |     2 ||    16
 Stab: Sleeping          |       |     1 |     1 |     1 ||     3
       Invisible         |       |       |     2 |     6 ||     8
       Confused          |       |       |     2 |     7 ||     9
  Eat: Chunk             |     1 |     8 |    15 |    13 ||    37
       Fruit             |       |       |     1 |     3 ||     4
       Bread ration      |       |       |     1 |       ||     1
Armor: Robe              |     2 |     4 |    17 |    15 ||    38
Dodge: Dodged            |    10 |    28 |   147 |   148 ||   333
